cohdb
Replays
Latest Replays
All Replays
Popular Replays
Top Player Replays
Match Explorer
How It Works
Community
CoH3 Stats
Reddit
Sign in to upload your games and track your stats! →
Sign in with Steam
Match 42577259
Unlisted
Match 42577259
Overview
Messages
Build Orders
End
Pioneer Squad
Pioneer Squad
Construct Infanterie Kompanie
Selects Terror Battlegroup
Selects Terror Battlegroup
Selects Machine Gun Camouflage
Grenadier Squad
MG 42 Machine Gun Team
Construct Panzergrenadier Kompanie
Grenadier Squad
Selects Interrogate
Support Elements
StuG III G Assault Gun
Nebelwerfer 42 Rocket Launcher Team
Nebelwerfer 42 Rocket Launcher Team
Selects Defend the Fatherland
StuG III G Assault Gun
StuG III G Assault Gun
Brother
Kirky
leeroyof
andrewxu76
Moisuke
mayrc
NeverLose
hutsellblake
0
0
Comments
sign in to comment!
No comments posted yet!